 Dungeon Crawl Stone Soup version 0.28.0 (webtiles) character file.

Game seed: 12135152365716870789

435 Jerry the Chucker (level 6, 0/51 HPs)
             Began as a Demigod Hunter on Feb 9, 2022.
             Slain by a hornet zombie (9 damage)
             ... on level 5 of the Dungeon.
             The game lasted 00:12:42 (5063 turns).

Jerry the Chucker (Demigod Hunter)                  Turns: 5063, Time: 00:12:43

Health: 0/51       AC:  8    Str: 21    XL:     6   Next: 40%
Magic:  8/8        EV: 11    Int: 13    God:
Gold:   201        SH:  0    Dex: 14    Spells: 5/5 levels left

rFire   . . .      SeeInvis .   q - staff of air
rCold   . . .      Faith    .   (no shield)
rNeg    . . .      Spirit   .   x - +3 ring mail
rPois   .          Reflect  .   v - +0 hat {Will+}
rElec   +          Harm     .   (no cloak)
rCorr   .          Rampage  .   (no gloves)
Will    +....                   (no boots)
Stlth   +.........              (no amulet)
HPRegen 0.17/turn               (no ring)
MPRegen 0.11/turn               (no ring)

@: invisible
A: high MP 1, forlorn, divine attributes
a: no special abilities


You were on level 5 of the Dungeon.
You visited 1 branch of the dungeon, and saw 6 of its levels.

You collected 201 gold pieces.

Inventory:

Hand Weapons
 l - a +1 short sword of venom
Missiles
 c - 4 javelins (quivered)
 z - 11 poisoned darts
Armour
 o - a +0 chain mail
 r - a +2 helmet
 v - a +0 hat of willpower (worn)
 x - a +3 ring mail (worn)
Magical Staves
 q - a staff of air (weapon)
Jewellery
 p - a ring of magical power
 s - a ring of positive energy
 w - a ring of willpower
Scrolls
 f - a scroll of fear {unknown}
 h - a scroll of blinking {unknown}
 i - a scroll of fog {unknown}
 j - a scroll of teleportation {unknown}
 m - 2 scrolls of immolation {unknown}
 t - a scroll of summoning {unknown}
 u - 2 scrolls of brand weapon {unknown}
 y - 2 scrolls of enchant armour {unknown}
 A - a scroll of magic mapping {unknown}
Potions
 e - 2 potions of curing
 g - a potion of attraction {unknown}
 k - a potion of cancellation {unknown}
 n - a potion of berserk rage {unknown}


   Skills:
 - Level 3.1 Fighting
 + Level 2.6 Staves
 + Level 5.0 Throwing
 + Level 3.2 Armour
 - Level 1.7 Dodging
 - Level 0.8 Stealth


You had 5 spell levels left.
You didn't know any spells.
Your spell library was empty.

Dungeon Overview and Level Annotations

Branches:
Dungeon (6/15)             Temple (0/1) D:5


Innate Abilities, Weirdness & Mutations

You have an increased reservoir of magic. (+10% MP)
You shall have no god before yourself.
Your divine heritage dramatically boosts your attributes as you level up.


Message History

The hornet zombie is severely damaged.
You are too injured to fight recklessly!
You are too injured to fight recklessly!
The hornet zombie barely misses you.
The hornet zombie completely misses you.
You catch the helpless hornet zombie completely off-guard!
You hit the hornet zombie.
The hornet zombie is severely damaged.
The hornet zombie hits you.
You hit the hornet zombie.
The hornet zombie is almost destroyed.
The hornet zombie closely misses you.
You catch the helpless hornet zombie completely off-guard!
You hit the hornet zombie but do no damage.
The hornet zombie is almost destroyed.
The hornet zombie hits you.
* * * LOW HITPOINT WARNING * * *
The hornet zombie hits you but does no damage.
You hit the hornet zombie.
The hornet zombie is almost destroyed.
The hornet zombie barely misses you.
You barely miss the hornet zombie.
The hornet zombie is almost destroyed.
The hornet zombie misses you. The hornet zombie hits you.
* * * LOW HITPOINT WARNING * * *
You hit the hornet zombie.
The hornet zombie is almost destroyed.
The hornet zombie closely misses you.
You catch the helpless hornet zombie completely off-guard!
You hit the hornet zombie.
The hornet zombie is almost destroyed.
The hornet zombie closely misses you.
You hit the hornet zombie.
The hornet zombie is almost destroyed.
The hornet zombie closely misses you.
The hornet zombie hits you but does no damage.
You closely miss the hornet zombie.
The hornet zombie is almost destroyed.
The hornet zombie hits you!
You die...

..............#...........
..............#.......≈≈≈≈
..............#.......≈..§
##....##......#.......≈.≈≈
.####'##......#.........≈§
.#....#.......#.......≈.≈.
.#....#.......#.......≈§≈§
.#....##......#.......≈§§≈
.#######......#.@.....≈§.§
... #......'Z......≈≈≈≈
... #......#........... ..
#......########....
######## .... ... ..


You could see a hornet zombie.

Vanquished Creatures
  2 phantoms (D:4)
  A kobold brigand (D:5)
  An orc priest (D:5)
  A hound (D:5)
  3 gnolls (D:4)
  6 adders
  3 worms
  3 orcs
  5 bats
  7 endoplasms
  5 giant cockroaches
  5 goblins
  10 hobgoblins
  3 quokkas
  6 ball pythons
  2 frilled lizards (D:2)
  9 kobolds
  6 rats
78 creatures vanquished.

Notes
Turn   | Place    | Note
-------+----------+-------------------------------------------
     0 | D:1      | Jerry the Demigod Hunter began the quest for the Orb.
     0 | D:1      | Reached XP level 1. HP: 17/17 MP: 3/3
  1014 | D:1      | Reached XP level 2. HP: 12/24 MP: 4/4
  1295 | D:2      | Reached skill level 1 in Armour
  2040 | D:2      | Reached skill level 4 in Throwing
  2040 | D:2      | Reached XP level 3. HP: 24/30 MP: 5/5
  3086 | D:3      | Reached XP level 4. HP: 37/37 MP: 6/6
  3541 | D:4      | Identified the +0 robe "Cagingi" {Int+2}
  3718 | D:4      | Noticed a phantom
  3745 | D:4      | Killed a phantom
  3746 | D:4      | Reached skill level 1 in Staves
  3746 | D:4      | Reached XP level 5. HP: 24/45 MP: 7/7
  4665 | D:5      | Entered Level 5 of the Dungeon
  4696 | D:5      | Found a staircase to the Ecumenical Temple.
  4711 | D:5      | Reached XP level 6. HP: 49/51 MP: 8/8
  4749 | D:5      | You fall into a shaft and drop 1 floor!
  4837 | D:5      | Reached skill level 5 in Throwing
  5063 | D:5      | Slain by a hornet zombie

Illustrated notes

Levels and vault maps discovered:
D:1:      eino_arrival_water_cross, layout_basic,
          hellmonk_ecumenical_altar_run_dry, serial_glass, glass_columns_b,
          glass_columns_a, kennysheep_another_room
D:2:      minmay_recursive_quarters, layout_basic
D:3:      layout_loops_ring
D:4:      minmay_evil_eye, layout_loops_ring, grunt_temple_overflow_open
D:5:      minmay_spotlight, layout_gridville, lemuel_round_altar,
          general_overflow_altar, mainiacjoe_overflow_concentric_impassable,
          minmay_temple_entry_glassed_door, wad_rectangle_vault
D:6:      layout_cave_pools, marbit_many_paths, kennysheep_potato

Skill      XL: |  1  2  3  4  5  6 |
---------------+-------------------+-----
Fighting       | 2 3 |  3.1
Armour         | 1 2 3 |  3.2
Throwing       | 4 5 |  5.0
Staves         | 1 2 |  2.6
Dodging        | |  1.7
Stealth        | |  0.8

Action                   |  1- 3 |  4- 6 || total
-------------------------+-------+-------++-------
Melee: Short sword       |   154 |   148 ||   302
       Punch             |     1 |     2 ||     3
       Staff             |       |    19 ||    19
Throw: Throwing net      |     3 |     1 ||     4
       Javelin           |       |     6 ||     6
  Use: Potion            |       |     3 ||     3
 Stab: Sleeping          |     2 |       ||     2
       Invisible         |       |     7 ||     7
Armor: Leather armour    |    33 |       ||    33
       Chain mail        |    15 |    53 ||    68
       Ring mail         |       |    14 ||    14
Dodge: Dodged            |    93 |    83 ||   176
